Map: Lost and Found LE

Players

GutyBLACK

  • Race: Terran Terran
  • League: Master
  • Spawn Location: 1:00

llIllllIllll - Winner!

  • Race: Protoss Protoss
  • League: Grandmaster
  • Spawn Location: 7:00

VOD

Have the link to the VOD?

Description

Time

  • Played on: Oct. 20, 2018, 5:24 p.m.
  • Length: 3:23
Show
View Real Time Build Order
Export as new Build Order

GutyBLACK Terran 

Build Orders: Cyclone Opening 

Get SALT Encoding   

  12  0:01  SCV  
  13  0:13  SCV  
  14  0:17  Supply Depot  
  14  0:25  SCV  
  15  0:31  Refinery  
  15  0:38  SCV  
  16  0:45  Barracks  
  16  0:50  SCV  
  17  1:01  Refinery  
  18  1:04  SCV  
  18  1:16  SCV  
  19  1:28  SCV  
  19  1:32  Marine  
  21  1:39  Factory  
  21  1:41  Supply Depot  
  21  1:48  SCV  
  22  2:00  Barracks Reactor  
  23  2:09  Orbital Command  
  22  2:31  Cyclone  
  22  2:34  SCV  
  26  2:37  Marine x2  
  28  2:46  SCV  
  29  2:55  Marine  
  23  3:01  SCV  
Show
View Real Time Build Order
Export as new Build Order

llIllllIllll Protoss - Winner!

Build Orders: 1 Gate Expand 

Get SALT Encoding   

  12  0:01  Probe  
  13  0:13  Probe  
  14  0:22  Pylon  
  14  0:25  Probe  
  15  0:40  Probe  
  16  0:42  Gateway  
  16  0:52  Probe  
  16  0:56  Gateway  
  17  1:05  Pylon  
  17  1:25  Nexus  
  17  1:31  Zealot  
  19  1:37  Pylon  
  19  1:42  Zealot  
  21  1:51  Zealot  
  21  2:00  Zealot  
  23  2:15  Zealot  
  25  2:20  Zealot, Gateway  
  29  2:42  Zealot  
Tags
 
Add a new tag
Caveats
  • Supply blocks, unpowered buildings, or Contaminate may cause inaccurate times.
  • Supply counts are checked every 10 seconds.